 Dungeon Crawl Stone Soup version 0.19.5 (webtiles) character file.

225 epen the Insei (level 5, 0/47 HPs)
             Began as a Draconian Monk on July 29, 2017.
             Slain by Sigmund
             ... wielding a cursed -3 scythe
              (4 damage)
             ... on level 4 of the Dungeon.
             The game lasted 00:03:10 (2165 turns).

epen the Insei (Draconian Monk)                     Turns: 2165, Time: 00:03:11

Health: 0/47       AC:  5    Str: 13    XL:     5   Next: 68%
Magic:  5/5        EV: 14    Int: 10    God:
Gold:   165        SH:  0    Dex: 15    Spells: 0 memorised, 4 levels left

rFire  . . .     SeeInvis .       - Unarmed
rCold  . . .     Gourm    .     (armour unavailable)
rNeg   . . .     Faith    .     (no shield)
rPois  .         Spirit   .     (helmet restricted)
rElec  .         Reflect  .     (no cloak)
rCorr  .         Harm     .     (no gloves)
MR     .....                    (no boots)
Stlth  ++........               b - amulet of magic regeneration
                                (no ring)
                                (no ring)

@: no status effects
A: unfitting armour, cold-blooded, AC +5
a: no special abilities


You were on level 4 of the Dungeon.
You were hungry.

You visited 1 branch of the dungeon, and saw 4 of its levels.

You collected 165 gold pieces.

Inventory:

Jewellery
 b - an amulet of magic regeneration (around neck)
Scrolls
 c - 6 scrolls of remove curse
 e - 3 scrolls of identify {unknown}
 g - a scroll of noise {unknown}
 j - a scroll of immolation {unknown}
 k - a scroll of fear {unknown}
Potions
 h - a potion of lignification {unknown}
 i - a potion of brilliance {unknown}
Comestibles
 a - a bread ration
 d - 3 meat rations


   Skills:
 + Level 4.5 Fighting
 + Level 3.6 Dodging
 - Level 1.7 Stealth
 * Level 5.1 Unarmed Combat


You had 4 spell levels left.
You didn't know any spells.

Dungeon Overview and Level Annotations

Branches:
Dungeon (4/15)
 Temple: D:4-7

Altars:
Hepliaklqana
Qazlal
Sif Muna

Shops:
D:4 [

Annotations:
D:4 Sigmund; epen's ghost, amateur DrMo


Innate Abilities, Weirdness & Mutations

Your plain brown scales are hard. (AC +5)
You cannot fit into any form of body armour.
You are cold-blooded and may be slowed by cold attacks.


Message History

Epen's ghost whispers, "Death doesn't hurt.
What you feel is life."
There is a stone staircase leading up here.
You climb upwards.
There is a stone staircase leading down here.
You climb downwards.
Level annotation: Sigmund; epen's ghost, amateur DrMo Epen's ghost hits you!
* * * LOW HITPOINT WARNING * * *
You hear some strange, mumbled words.
Something tries to affect you, but you resist.
Epen's ghost hits you.
* * * LOW HITPOINT WARNING * * *
You hear some strange, mumbled words.
A puff of flame appears from out of thin air!
The puff of flame hits you!
* * * LOW HITPOINT WARNING * * *
There is a stone staircase leading up, spattered with blood here.
Epen's ghost hits you but does no damage.
Something hits you.
You die...

##.##.##### #.#
#... #.........#
#.# ....
#..##.###.# #.#
.#.# #.......#.#
#.# .#.#
#...#.#.#.# #.#
.#.#
#...#.#.#.####.#
.#.# #...#.#
#...##.#
.#.#####...#.#
#.#.##.#
.........>.#.#
#@#.##.#
.#.#####.#.#.#
#W#.##.# .#.#
#.#.#.# #.#....#
{#.#####.#.#
#.######
..###....#.# #..
..#∩+......###
###
..###..........
...#...########
.......#


You could see epen's ghost.

Vanquished Creatures
  A scorpion (D:3)
  A howler monkey (D:4)
  Terence (D:3)
  4 adders
  3 leopard geckos
  4 orcs (D:3)
  5 giant cockroaches
  7 goblins
  12 hobgoblins
  3 jackals (D:2)
  2 quokkas
  2 ball pythons
  7 bats
  4 frilled lizards
  7 kobolds
  A leopard gecko skeleton (D:4)
  3 rats
67 creatures vanquished.

Notes
Turn   | Place    | Note
-------+----------+-------------------------------------------
     0 | D:1      | epen the Draconian Monk began the quest for the Orb.
     0 | D:1      | Reached XP level 1. HP: 19/19 MP: 1/1
   104 | D:1      | Reached XP level 2. HP: 26/26 MP: 2/2
   517 | D:2      | Reached XP level 3. HP: 22/31 MP: 3/3
   578 | D:2      | Reached skill level 4 in Unarmed Combat
  1024 | D:2      | Found a deep blue altar of Sif Muna.
  1150 | D:3      | Reached XP level 4. HP: 40/40 MP: 4/4
  1325 | D:3      | Found a hazy altar of Hepliaklqana.
  1533 | D:3      | Reached XP level 5. HP: 38/46 MP: 5/5
  1638 | D:3      | Noticed Terence
  1653 | D:3      | Killed Terence
  1906 | D:3      | Found a stormy altar of Qazlal.
  2096 | D:4      | Found Guyjinn's Armour Emporium.
  2112 | D:4      | Noticed Sigmund
  2120 | D:4      | Noticed epen's ghost (amateur DrMo)
  2135 | D:4      | Reached skill level 5 in Unarmed Combat
  2165 | D:4      | Slain by Sigmund

Skill      XL: |  1  2  3  4  5 |
---------------+----------------+-----
Unarmed Combat | 4 5 |  5.1
Dodging        | 3 |  3.6
Fighting       | 4 |  4.5
Stealth        | |  1.7

Action                   |  1- 3 |  4- 6 || total
-------------------------+-------+-------++-------
Melee: Unarmed           |   153 |   114 ||   267
       Tailslap          |    14 |     7 ||    21
       Punch             |     1 |     5 ||     6
  Use: Scroll            |     1 |       ||     1
 Stab: Sleeping          |     3 |     3 ||     6
       Distracted        |     1 |       ||     1
  Eat: Chunk             |     1 |     1 ||     2
       Pizza             |       |     1 ||     1
Armor: Skin              |    33 |    30 ||    63
Dodge: Dodged            |   107 |    80 ||   187
